Map: Récif abyssal EC

Players

Reynor

  • Race: Zerg Zerg
  • League: Grandmaster
  • Spawn Location: 5:00

llllllllllll - Winner!

  • Race: Protoss Protoss
  • League: Grandmaster
  • Spawn Location: 11:00

VOD

Have the link to the VOD?

Description

Time

  • Played on: Nov. 30, 2017, 12:44 p.m.
  • Length: 8:02
Show
View Real Time Build Order
Export as new Build Order

Reynor Zerg 

Build Orders: Hatch First, Ravager All-In 

Get SALT Encoding   

  12  0:06  Drone  
  13  0:12  Overlord  
  13  0:18  Drone  
  14  0:33  Drone x2  
  16  0:40  Drone  
  17  0:54  Hatchery  
  17  0:56  Drone  
  17  1:03  Drone  
  18  1:05  Extractor  
  17  1:18  Spawning Pool  
  16  1:21  Drone  
  16  1:22  Drone  
  18  1:33  Drone  
  19  1:43  Overlord  
  19  1:56  Drone  
  20  2:08  Queen  
  22  2:10  Extractor  
  22  2:12  Drone  
  21  2:16  Roach Warren  
  21  2:20  Drone x2  
  23  2:30  Drone  
  23  2:37  Drone  
  24  2:49  Overlord  
  26  2:58  Roach  
  26  3:00  Hatchery  
  25  3:09  Roach  
  27  3:19  Roach x2  
  31  3:21  Overlord, Ravager  
  31  3:26  Roach  
  34  3:30  Ravager  
  35  3:40  Ravager x2  
  37  3:46  Drone x2  
  39  3:49  Overlord  
  39  3:58  Ravager  
  39  3:59  Drone x3  
  43  4:08  Queen  
  45  4:13  Roach  
  47  4:21  Roach  
  49  4:26  Roach  
  49  4:31  Metabolic Boost  
  51  4:37  Ravager  
  52  4:41  Roach  
  52  4:47  Overlord  
  52  4:54  Roach  
  52  4:57  Ravager  
  55  5:04  Ravager  
  55  5:06  Overlord  
  56  5:07  Zergling x6  
  59  5:16  Zergling x4  
  61  5:24  Queen  
  63  5:33  Zergling x8  
  62  5:47  Roach  
  62  5:51  Roach  
  64  5:57  Zergling x6  
  64  6:01  Lair  
  67  6:05  Overlord  
  67  6:07  Evolution Chamber  
  66  6:14  Roach  
  61  6:28  Roach  
  61  6:32  Roach x3  
  67  6:38  Ravager  
  67  6:39  Spine Crawler  
  62  6:44  Roach  
  64  6:52  Roach  
  52  7:04  Roach  
  52  7:06  Zergling x6  
  46  7:11  Spire  
  46  7:13  Ravager  
  46  7:17  Zergling x2  
  47  7:26  Queen, Zergling x2  
  47  7:28  Ravager  
  47  7:37  Zergling x2  
Show
View Real Time Build Order
Export as new Build Order

llllllllllll Protoss - Winner!

Build Orders:  

Get SALT Encoding   

  12  0:00  Probe  
  13  0:12  Probe  
  14  0:17  Pylon  
  14  0:25  Probe (Chrono Boost)  
  15  0:37  Probe (Chrono Boost)  
  15  0:40  Forge  
  17  0:45  Probe (Chrono Boost)  
  17  0:52  Probe  
  18  1:04  Probe  
  19  1:10  Pylon  
  19  1:12  Assimilator  
  19  1:16  Probe  
  20  1:30  Gateway  
  20  1:41  Photon Cannon  
  20  1:44  Probe (Chrono Boost)  
  21  1:49  Photon Cannon  
  21  1:53  Assimilator  
  22  1:56  Probe (Chrono Boost)  
  22  1:58  Probe  
  23  2:02  Photon Cannon  
  23  2:10  Probe (Chrono Boost)  
  24  2:23  Photon Cannon  
  24  2:25  Cybernetics Core  
  24  2:40  Pylon  
  24  3:01  Robotics Facility  
  24  3:04  Robotics Facility  
  24  3:07  Shield Battery  
  24  3:22  Pylon  
  24  3:26  Shield Battery  
  24  3:40  Shield Battery  
  24  3:49  Immortal (Chrono Boost)  
  30  3:57  Shield Battery  
  30  3:59  Warp Prism (Chrono Boost)  
  30  4:04  Shield Battery  
  34  4:30  Immortal (Chrono Boost)  
  34  4:36  Immortal (Chrono Boost)  
  38  5:02  Pylon  
  38  5:19  Shield Battery  
  38  5:21  Immortal (Chrono Boost), Shield Battery  
  46  5:40  Immortal (Chrono Boost)  
  46  5:59  Pylon  
  46  6:01  Pylon  
  50  6:24  Shield Battery  
  50  6:25  Shield Battery  
  50  6:28  Immortal (Chrono Boost)  
  50  6:41  Immortal (Chrono Boost)  
  54  7:16  Pylon  
Tags
 
Add a new tag
Caveats
  • Supply blocks, unpowered buildings, or Contaminate may cause inaccurate times.
  • Supply counts are checked every 10 seconds.